 Dungeon Crawl Stone Soup version 0.31-a0-185-g9dded2c639 (webtiles) character file.

Game seed: 12734551895002517050

129 qw the Skirmisher (level 4, -8/25 HPs)
             Began as a Deep Elf Hunter on June 22, 2023.
             Mangled by an ogre
             ... wielding a +0 giant club
              (15 damage)
             ... on level 4 of the Dungeon.
             The game lasted 00:00:46 (2190 turns).

qw the Skirmisher (Deep Elf Hunter)                 Turns: 2190, Time: 00:00:46

Health: -8/25      AC:  7    Str: 10    XL:     4   Next: 88%
Magic:  6/6        EV: 11    Int: 14    God:
Gold:   108        SH:  0    Dex: 18    Spells: 3/3 levels left

rFire   . . .        Y - +2 shortbow
rCold   . . .        (shield currently unavailable)
rNeg    . . .        g - +0 ring mail
rPois   .            c - +0 helmet
rElec   .            (no cloak)
rCorr   .            a - +0 pair of gloves
SInv    .            (no boots)
Will    .....        (no amulet)
Stlth   +            (no ring)
HPRegen 0.24/turn    (no ring)
MPRegen 0.10/turn

%: no passive effects
@: no status effects
A: no striking features
a: no special abilities


You were on level 4 of the Dungeon.
You visited 1 branch of the dungeon, and saw 4 of its levels.

You collected 128 gold pieces.
You spent 20 gold pieces at shops.


   Skills:
 - Level 1.5 Fighting
 + Level 8.3 Ranged Weapons
 - Level 2.4 Dodging
 - Level 1.2 Stealth


You had 3 spell levels left.
You didn't know any spells.
Your spell library was empty.

Inventory:

Hand Weapons
 Y - a +2 shortbow (weapon)
Armour
 a - a +0 pair of gloves (worn)
 c - a +0 helmet (worn)
 g - a +0 ring mail (worn)
Scrolls
 e - a scroll of identify
Potions
 d - a potion of lignification {unknown}
 f - 3 potions of cancellation
 h - 3 potions of curing
 i - a potion of magic {unknown}
 l - 2 potions of might

Dungeon Overview and Level Annotations

Branches:
Dungeon (4/15)
 Temple: D:4-7

Altars:

Shops:
D:1 ?


Message History

You kill the orc!
There is a stone staircase leading down here.
l - 2 potions of might (gained 1)
A goblin comes into view. It is wielding a +0 dagger.
You shoot an arrow. The arrow hits the goblin.
You kill the goblin!
A goblin comes into view. It is wielding a +0 dagger.
You shoot an arrow. The arrow hits the goblin.
The goblin shouts!
The goblin is moderately wounded.
You shoot an arrow. The arrow hits the goblin.
You kill the goblin!
You now have 108 gold pieces (gained 10).
Found a rapier.
h - 3 potions of curing (gained 1)
Found an escape hatch in the ceiling.
An ogre comes into view. It is wielding a +0 giant club.
The ogre shouts!
You shoot an arrow. The arrow hits the ogre.
The ogre is moderately wounded.
You shoot an arrow. The arrow barely misses the ogre.
You shoot an arrow. The arrow closely misses the ogre.
You shoot an arrow. The arrow hits the ogre!
The ogre is heavily wounded.
You shoot an arrow.
The arrow hits the ogre but does no damage.
The ogre is heavily wounded.
You shoot an arrow. The arrow barely misses the ogre.
The ogre hits you with a +0 giant club!
You shoot an arrow. The arrow hits the ogre.
The ogre is severely wounded.
The ogre hits you with a +0 giant club.
You shoot an arrow. The arrow barely misses the ogre.
The ogre hits you with a +0 giant club!
You shoot an arrow. The arrow barely misses the ogre.
You shoot an arrow. The arrow hits the ogre.
The ogre is severely wounded.
The ogre hits you with a +0 giant club!
Ouch! That really hurt!
You die...

### #.# #.#
#.#
####.####.#
......O@..#
.....####.#
### #.# #.#
#.#
#######.#
........#
#######.#
..).....#


You could see an ogre.

Vanquished Creatures
  A hound (D:3)
  4 adders (D:2)
  A worm (D:2)
  4 dart slugs
  3 orcs
  4 endoplasms
  5 giant cockroaches (D:3)
  6 goblins
  3 hobgoblins
  6 ball pythons
  3 bats
  2 frilled lizards (D:2)
  4 kobolds
  2 rats (D:2)
48 creatures vanquished.

Notes
Turn   | Place    | Note
-------+----------+-------------------------------------------
     0 | D:1      | qw the Deep Elf Hunter began the quest for the Orb.
     0 | D:1      | Reached XP level 1. HP: 12/12 MP: 3/3
     0 | D:1      | 0 ||| qw: Version: 0.3-a-9-g12657ce
     0 | D:1      | 0 ||| qw: Game counter: 1849
     0 | D:1      | 0 ||| qw: Always use a shield: true
     0 | D:1      | 0 ||| qw: God list: Okawaru
     0 | D:1      | 0 ||| qw: Allow faded altars: false
     0 | D:1      | 0 ||| qw: Do Orc after D:15 true
     0 | D:1      | 0 ||| qw: Do second Lair branch before Depths: true
     0 | D:1      | 0 ||| qw: Lair rune preference: random
     0 | D:1      | 0 ||| qw: Plans: Normal
     0 | D:1      | 0 ||| PLANNING D:1-11
   153 | D:1      | Found a faded altar of an unknown god.
   342 | D:1      | Reached skill level 6 in Ranged Weapons
   342 | D:1      | Reached XP level 2. HP: 16/16 MP: 4/4
   595 | D:1      | Found Sujurami's Magic Scroll Boutique.
   604 | D:1      | 604 ||| SHOPLISTING scroll of enchant armour (75 gold, have
                  | 34).
   604 | D:1      | 604 ||| BUYING scroll of identify (20 gold).
   604 | D:1      | Bought a scroll of identify for 20 gold pieces
   604 | D:1      | 604 ||| SHOPLISTING scroll of identify (20 gold, have 14).
   604 | D:1      | 604 ||| SHOPLISTING scroll of teleportation (30 gold, have
                  | 14).
   609 | D:1      | 609 ||| UPGRADING to +0 ring mail.
   619 | D:1      | 619 ||| DROPPING +0 leather armour.
   620 | D:1      | 620 ||| READING scroll labelled MUPUCE PAAJUCO.
   621 | D:1      | 621 ||| READING scroll labelled WEIS BAHITO.
   622 | D:1      | 622 ||| READING scroll labelled ECZONO PISCH.
   623 | D:1      | 623 ||| DRINKING 3 fizzy golden potions.
   624 | D:1      | 624 ||| READING 3 scrolls of identify.
   624 | D:1      | 624 ||| IDENTIFYING amethyst potion
   625 | D:1      | 625 ||| READING 2 scrolls of identify.
   625 | D:1      | 625 ||| IDENTIFYING sapphire potion
   626 | D:1      | 626 ||| DROPPING scroll of butterflies.
   627 | D:1      | 627 ||| DROPPING potion of invisibility.
   731 | D:2      | Reached XP level 3. HP: 20/20 MP: 5/5
   739 | D:2      | 739 ||| READING scroll labelled MOUTOF ORHA.
   744 | D:2      | Reached skill level 7 in Ranged Weapons
  1458 | D:2      | 1458 ||| READING 2 scrolls of identify.
  1458 | D:2      | 1458 ||| IDENTIFYING golden potion
  1498 | D:3      | Reached XP level 4. HP: 25/25 MP: 6/6
  1650 | D:3      | Reached skill level 8 in Ranged Weapons
  1692 | D:3      | 1692 ||| READING scroll of enchant weapon.
  1692 | D:3      | 1692 ||| ENCHANTING +1 shortbow.
  2040 | D:3      | 2040 ||| UPGRADING to +0 pair of gloves.
  2045 | D:3      | 2045 ||| UPGRADING to +0 helmet.
  2050 | D:3      | 2050 ||| READING scroll labelled MUQAGA DERAORE.
  2180 | D:4      | Noticed an ogre
  2188 | D:4      | HP: 6/25 [ogre/+0 giant club (10)]
  2190 | D:4      | Mangled by an ogre

Levels and vault maps discovered:
D:1:      shiori_shiawase, layout_loops_ring,
          shapermc_ecumenical_altar_mp_ritualfount, serial_shops, shop
D:2:      layout_basic, nicolae_concentric_dashed_squares_wild
D:3:      layout_basic, minmay_misc_feat_diagonals
D:4:      layout_basic, ebering_dispersal_statue_hall

Skill      XL: |  1  2  3  4 |
---------------+-------------+-----
Ranged Weapons | 6 7 8 |  8.3
Fighting       | |  1.5
Dodging        | |  2.4
Stealth        | |  1.2

Action                     |  1- 3 |  4- 6 || total
---------------------------+-------+-------++-------
   Fire: Shortbow          |    73 |    82 ||   155
    Use: Scroll            |     7 |     2 ||     9
         Potion            |     1 |       ||     1
 Armour: Leather armour    |     1 |       ||     1
         Ring mail         |    10 |    21 ||    31
  Dodge: Dodged            |    11 |    24 ||    35

Table legend:
 A = Non-vault XP
 B = Vault XP
 C = Vault XP percentage of total XP
 D = Non-vault monster count
 E = Vault monster count
 F = Vault count percentage of total count
                 A         B        C        D         E       F
            +---------+---------+-------+---------+---------+-------
      Total |     185 |       0 |   0.0 |      48 |       0 |   0.0
            +---------+---------+-------+---------+---------+-------
        D:1 |      15 |       0 |   0.0 |       7 |       0 |   0.0
        D:2 |      81 |       0 |   0.0 |      19 |       0 |   0.0
        D:3 |      82 |       0 |   0.0 |      19 |       0 |   0.0
        D:4 |       7 |       0 |   0.0 |       3 |       0 |   0.0
            +---------+---------+-------+---------+---------+-------
